 Dungeon Crawl Stone Soup version 0.30.1-3-gfc49f6343a (webtiles) character file.

Game seed: 12789697957679687282

4517 H0rd4k the Martial Artist (level 10, -21/63 HPs)
             Began as an Octopode Artificer on Aug 2, 2023.
             Was an Initiate of Gozag.
             Killed from afar by a steam dragon (25 damage)
             ... with a ball of steam
             ... on level 9 of the Dungeon on Aug 3, 2023.
             The game lasted 00:17:04 (10643 turns).

H0rd4k the Martial Artist (Octopode Artificer)     Turns: 10643, Time: 00:17:05

Health: -21/63     AC:  1    Str: 18    XL:     10   Next: 39%
Magic:  17/17      EV: 20    Int: 23    God:    Gozag
Gold:   1922       SH:  0    Dex: 13    Spells: 9/19 levels left

rFire   x .          .
                       - Unarmed
rCold   . . .        (no shield)
rNeg    . . .        (helmet restricted)
rPois   .            (no amulet)
rElec   .            k - ring "Jinlaikex" {+Blink rF- Str+2 Int+6 Dex+2}
rCorr   .            C - ring of flight
SInv    .            c - +5 ring of evasion
Will    .....        (no ring)
Stlth   ++++         (no ring)
HPRegen 0.30/turn    (no ring)
MPRegen 0.15/turn    (no ring)
                     (no ring)

%: no passive effects
@: flying, studying Unarmed Combat
A: almost no armour, amphibious, 8 rings, camouflage 1, gelatinous body 1,
(nimble swimmer 1), tentacles, tentacle spike 1, strong 1
a: Renounce Religion, Evoke Blink, Potion Petition, Call Merchant, Bribe Branch


You were on level 9 of the Dungeon.
You worshipped Gozag.
Gozag was most pleased with you.
You visited 2 branches of the dungeon, and saw 10 of its levels.
You also visited: Ossuary.

You collected 2048 gold pieces.
You spent 50 gold pieces at shops.
You paid 76 gold pieces to Gozag.

Inventory:

Missiles
 v - a datura-tipped dart (quivered)
 E - 19 poisoned darts
Magical Staves
 j - a staff of conjuration
Jewellery
 c - a +5 ring of evasion (on tentacle)
 k - the ring "Jinlaikex" (left tentacle) {+Blink rF- Str+2 Int+6 Dex+2}
   (You found it on level 6 of the Dungeon)

   [ring of intelligence]

   Str:       It affects your strength (+2).
   Int:       It affects your intelligence (+6).
   Dex:       It affects your dexterity (+2).
   rF:        It makes you vulnerable to fire.
   +Blink:    It lets you blink.
 C - a ring of flight (right tentacle)
Wands
 b - a wand of flame (19)
 p - a wand of polymorph (12)
 y - a wand of roots (4)
Scrolls
 a - 3 scrolls of teleportation {unknown}
 f - 3 scrolls of enchant weapon
 g - 3 scrolls of butterflies
 h - a scroll of torment {unknown}
 i - a scroll of identify
 o - a scroll of fog
 q - a scroll of amnesia
 s - 3 scrolls of enchant armour
 w - 5 scrolls of blinking {unknown}
 z - 4 scrolls of poison
Potions
 d - 2 potions of attraction
 e - a potion of experience {unknown}
 l - a potion of cancellation {unknown}
 m - 5 potions of curing
 n - 2 potions of haste
 r - 2 potions of mutation
 t - a potion of lignification
 u - a potion of degeneration {unknown}
 x - 3 potions of brilliance {unknown}
 A - a potion of magic {unknown}
 F - 2 potions of berserk rage {unknown}


   Skills:
 - Level 3.6 Fighting
 - Level 0.2 Ranged Weapons
 - Level 0.8 Throwing
 - Level 5.3 Dodging
 - Level 6.3 Stealth
 - Level 8.3 Unarmed Combat
 * Level 5.0 Spellcasting
 + Level 1.2 Conjurations
 + Level 1.7 Summonings
 * Level 4.4 Transmutations
 + Level 0.5 Fire Magic
 - Level 2.7 Earth Magic
 + Level 2.6 Poison Magic
 + Level 1.0 Invocations
 - Level 6.6 Evocations


You had 9 spell levels left.
You knew the following spells:

 Your Spells              Type           Power      Damage    Failure   Level
a - Passwall              Tmut/Erth      18%        N/A       3%          2
b - Spider Form           Tmut/Pois      22%        N/A       7%          3
c - Blade Hands           Tmut           13%        N/A       38%         5

Your spell library contained the following spells:

 Spells                   Type           Power      Damage    Failure   Level
 Beastly Appendage        Tmut           52%        N/A       1%          1
 Wereblood                Tmut           26%        N/A       2%          2
 Necrotise                Necr           20%        1d5       10%         1
 Cigotuvi's Dreadful Rot  Necr/Pois/Air  18%        N/A       10%         2
 Stone Arrow              Conj/Erth      30%        3d8       12%         3
 Blink                    Tloc           10%        N/A       14%         2
 Hailstorm                Conj/Ice       8%         3d4       22%         3
 Volatile Blastmotes      Fire/Tloc      14%        2d11      26%         3
 Portal Projectile        Hex/Tloc       10%        N/A       28%         3
 Tukima's Dance           Hex            5%         N/A       28%         3
 Fulminant Prism          Conj/Hex       4%         3d5       56%         4
 Iskenderun's Mystic Bla  Conj/Tloc      8%         2d4       56%         4
 Lee's Rapid Deconstruct  Erth           9%         3d7*      63%         5
 Manifold Assault         Tloc           5%         N/A       67%         4
 Summon Forest            Summ/Tloc      4%         N/A       88%         5
 Statue Form              Tmut/Erth      14%        N/A       97%         6
 Storm Form               Tmut/Air       8%         N/A       100%        7
 Infestation              Necr           2%         N/A       100%        8
 Animate Armour           Summ/Erth      Unusable   N/A       N/A         4
 Animate Dead             Necr           Unusable   N/A       N/A         4

Dungeon Overview and Level Annotations

Branches:
Dungeon (9/15)             Temple (1/1) D:4            Lair (0/5) D:8
Ossuary (visited)
    Orc: D:9-12

Altars:
Ashenzari
Cheibriados
Dithmenos
Fedhas
Gozag
Hepliaklqana
Kikubaaqudgha
Makhleb
Nemelex Xobeh
Okawaru
Qazlal
Ru
Sif Muna
Trog
Uskayaw
Vehumet
Wu Jian
Xom
Yredelemnul
Zin
The Shining One

Shops:
D:2 (*

Annotations:
D:4 2 transporters
D:7 1 runed translucent door, exclusions: door and 2 downstairs, Crazy Yiuf
D:8 exclusion: 2 downstairs


Innate Abilities, Weirdness & Mutations

You cannot wear most types of armour.
You are amphibious.
You can wear up to eight rings at the same time.
Your skin changes colour to match your surroundings (Stealth+).
Your rubbery body absorbs attacks. (AC +1, EV +1)
((You are camouflaged when in or above water. (Stealth+)))
You have tentacles for arms and can constrict up to eight enemies at once.
One of your tentacles bears a spike.
Your muscles are strong. (Str +4, Int/Dex -1)


Message History

You tentacle-slap the steam dragon but do no damage.
You squeeze the steam dragon, but do no damage.
The steam dragon is lightly wounded.
The steam dragon bites you! The steam dragon claws you.
You bludgeon the steam dragon!
You tentacle-slap the steam dragon, but do no damage.
Your squeeze misses the steam dragon.
The steam dragon is heavily wounded.
The steam dragon bites you. The steam dragon closely misses you.
You bludgeon the steam dragon!
The steam dragon is severely wounded.
You tentacle-slap the steam dragon but do no damage.
You pierce the steam dragon, but do no damage.
The steam dragon is severely wounded.
The steam dragon breathes steam at you. The ball of steam hits you!!
The steam scalds you terribly!
You hear a shout!
You tentacle-slap the steam dragon but do no damage.
You pierce the steam dragon, but do no damage.
You squeeze the steam dragon, but do no damage.
The steam dragon is severely wounded.
You are engulfed in a cloud of scalding steam.
* * * LOW HITPOINT WARNING * * *
The steam dragon completely misses you. The steam dragon barely misses you.
A centaur comes into view.
The steam dragon misses you. The steam dragon claws you.
* * * LOW HITPOINT WARNING * * *
Okay, then.
Aiming: Throw Flame
Press: ? - help, Shift-Dir - straight line, f - steam dragon
Aim: a steam dragon (severely wounded, catching its breath, 74% to hit)
The puff of flame hits the steam dragon.
The steam dragon is almost dead.
The steam dragon bites you!
* * * LOW HITPOINT WARNING * * *
The steam dragon completely misses you. The centaur misses you. x2
The steam dragon breathes steam at you. The ball of steam hits you!!
The steam scalds you terribly!
You die...
Your body crumbles into a pile of gold.

#### ### ###..
#...##...##
........Dc##
.......ยงยงยง<#
.......@...#
...........#
.............#
#...##...###...
### ##### ##..
# $


You could see a steam dragon (catching breath) and a centaur.

Vanquished Creatures
  Grinder (D:4)
  A wyvern (D:9)
  2 steam dragons
  2 ice beasts
  A black bear (D:5)
  3 orc warriors
  2 ogres
  A sky beast (D:8)
  A phantom (D:5)
  4 centaurs (D:7)
  2 kobold brigands
  2 elf zombies (Ossuary)
  4 scorpions
  A bullfrog (D:7)
  2 wights (D:7)
  11 killer bees
  7 howler monkeys
  A centaur zombie (Ossuary)
  A jelly (D:6)
  5 orc priests
  2 hounds
  A gnoll bouda (D:5)
  A sleepcap (D:4)
  2 iguanas
  6 orc wizards
  Natasha (thrice) (D:2)
  A hell rat (D:8)
  2 mummies (Ossuary)
  4 adders
  15 gnolls
  A white imp (D:4)
  An ufetubus (D:7)
  A worm (D:4)
  2 dart slugs
  36 orcs
  5 endoplasms
  3 giant cockroaches
  3 gnoll zombies (Ossuary)
  4 goblins
  8 hobgoblins
  A jackal (D:2)
  7 quokkas
  8 ball pythons
  4 bats
  9 frilled lizards
  2 goblin zombies (Ossuary)
  A hobgoblin zombie (Ossuary)
  9 kobolds
  5 orc zombies (Ossuary)
  13 rats
214 creatures vanquished.

Vanquished Creatures (collateral kills)
  Duvessa (D:7)
  A scorpion (D:6)
  A wight (D:7)
  An orc priest (D:3)
  A sleepcap (D:6)
  A gnoll (D:7)
  3 orcs
  2 jackals (D:2)
  A ball python (D:2)
12 creatures vanquished.

Vanquished Creatures (others)
  Dowan (D:7)
  A killer bee (D:6)
  A gnoll bouda (D:7)
  A gnoll (D:7)
4 creatures vanquished.

Grand Total: 230 creatures vanquished

Notes
Turn   | Place    | Note
-------+----------+-------------------------------------------
     0 | D:1      | H0rd4k the Octopode Artificer began the quest for the Orb.
     0 | D:1      | Reached XP level 1. HP: 13/13 MP: 1/1
   278 | D:1      | Reached XP level 2. HP: 7/18 MP: 2/2
  1180 | D:2      | Reached XP level 3. HP: 23/23 MP: 3/3
  1242 | D:3      | Got the Catalogue of Gritty Snow
  1272 | D:3      | Found a glowing silver altar of Zin.
  1274 | D:3      | Found a snail-covered altar of Cheibriados.
  1278 | D:3      | Found a bloodstained altar of Trog.
  1380 | D:3      | Found a blossoming altar of Fedhas.
  1597 | D:4      | Found a staircase to the Ecumenical Temple.
  1611 | Temple   | Entered the Ecumenical Temple
  1783 | D:3      | Found an opulent altar of Gozag.
  1791 | D:3      | Became a worshipper of Gozag Ym Sagoz the Greedy
  1822 | D:3      | Got the Parchment of the Sinister Band
  1849 | D:3      | Reached skill level 1 in Unarmed Combat
  1849 | D:3      | Reached XP level 4. HP: 24/28 MP: 4/4
  1942 | D:3      | Reached skill level 2 in Unarmed Combat
  2036 | D:3      | Reached XP level 5. HP: 31/33 MP: 5/5
  2301 | D:2      | Found Qieh's General Store.
  2309 | D:2      | Bought a potion of heal wounds for 50 gold pieces
  2399 | D:2      | Found Hoonaq's Magic Scroll Shop.
  2469 | D:2      | Found Dyttoj's Weapon Emporium.
  2605 | D:2      | Noticed Natasha
  2611 | D:2      | Killed Natasha
  2956 | D:2      | Noticed Natasha
  3038 | D:2      | Killed Natasha
  3039 | D:2      | Reached skill level 3 in Unarmed Combat
  3039 | D:2      | Reached XP level 6. HP: 38/38 MP: 6/6
  3163 | D:2      | Noticed Natasha
  3165 | D:2      | Killed Natasha
  3674 | D:4      | Noticed an ice beast
  3682 | D:4      | Killed an ice beast
  3951 | D:4      | Found a stormy altar of Qazlal.
  4226 | D:4      | Found a transporter.
  4242 | D:4      | Found a transporter.
  4268 | D:4      | Reached skill level 4 in Unarmed Combat
  4268 | D:4      | Reached XP level 7. HP: 33/45 MP: 7/7
  4413 | D:4      | Reached skill level 5 in Stealth
  4597 | D:4      | Noticed Grinder
  4602 | D:4      | Killed Grinder
  4603 | D:4      | Reached skill level 5 in Evocations
  4751 | D:5      | Entered Level 5 of the Dungeon
  4844 | D:5      | Reached skill level 5 in Unarmed Combat
  4844 | D:5      | Reached XP level 8. HP: 38/51 MP: 8/8
  5251 | D:5      | HP: 1/51 [orc/+0 mace (7)]
  5871 | D:5      | Reached skill level 6 in Unarmed Combat
  6265 | D:6      | Identified a scroll of acquirement
  6267 | D:6      | Acquired a manual of Unarmed Combat
  6674 | D:6      | Identified the ring "Jinlaikex" {+Blink rF- Str+2 Int+6
                  | Dex+2}
  6790 | D:6      | Reached skill level 5 in Dodging
  6790 | D:6      | Reached skill level 7 in Unarmed Combat
  6790 | D:6      | Reached XP level 9. HP: 57/57 MP: 9/9
  7006 | D:6      | Reached skill level 8 in Unarmed Combat
  7140 | D:6      | Learned a level 2 spell: Passwall
  7402 | D:7      | Reached skill level 1 in Conjurations
  7656 | D:7      | Reached skill level 1 in Earth Magic
  7779 | D:7      | Reached skill level 1 in Spellcasting
  7880 | D:7      | Reached skill level 1 in Transmutations
  8118 | D:7      | Noticed Duvessa
  8120 | D:7      | Noticed Dowan
  8130 | D:7      | Killed Duvessa
  8147 | D:7      | Your ally Dowan died
  8307 | D:7      | Reached skill level 1 in Summonings
  8411 | D:7      | Found a runed translucent door.
  8412 | D:7      | Noticed Crazy Yiuf
  8504 | D:7      | Gained mutation: One of your tentacles bears a spike.
                  | [potion of mutation]
  8504 | D:7      | Gained mutation: Your muscles are strong. (Str +4, Int/Dex
                  | -1) [potion of mutation]
  8507 | D:7      | Reached skill level 1 in Invocations
  8825 | D:7      | Learned a level 3 spell: Spider Form
  8862 | D:8      | Found a shimmering altar of Xom.
  8897 | D:8      | Found a staircase to the Lair.
  8898 | D:8      | Noticed a death yak
  8899 | D:8      | Noticed a death yak
  8899 | D:8      | Noticed a death yak
  8980 | D:8      | Reached XP level 10. HP: 56/63 MP: 13/15
  9149 | D:8      | Found a sand-covered staircase.
  9155 | Ossuary  | Entered an ossuary
  9180 | Ossuary  | Reached skill level 1 in Poison Magic
  9913 | D:8      | Learned a level 5 spell: Blade Hands
 10337 | D:9      | Identified the scarf of the Arcane {repulsion, rF+ rC+
                  | rCorr}
 10408 | D:9      | Noticed a two-headed ogre
 10423 | D:9      | Reached skill level 5 in Spellcasting
 10643 | D:9      | Killed from afar by a steam dragon

Illustrated notes

Levels and vault maps discovered:
D:1:      dpeg_arrival_shrine, layout_basic
D:2:      layout_basic, serial_shops, nicolae_shop_pleasant_corner_grove,
          nicolae_shop_peninsula, shop, uniq_natasha
D:3:      cheibrodos_pilgrimage, layout_loops_ring,
          mainiacjoe_overflow_tiny_flanked, lemuel_doored_altar, minitemple,
          chequers_serial_rivers_micro_c, minmay_misc_feat_columns
D:4:      gammafunk_steamed_eel, layout_loops_corners,
          nicolae_qazlal_eye_of_the_storm, minmay_temple_entry_drinking_statues,
          minmay_misc_feat_more_columns, uniq_grinder
D:5:      layout_layer_cave
D:6:      layout_basic
D:7:      layout_loops_cross, uniq_duvessa, uniq_crazy_yiuf_cottage
D:8:      layout_loops_ring, mainiacjoe_overflow_catwalk, dpeg_lair_monsters,
          nicolae_ossuary_entry_plus
D:9:      layout_rooms, serial_shops, shop, skrybe_limestone_x,
          minmay_misc_feat_pillars, minmay_variable_closet, uniq_erolcha,
          uniq_pikel
Temple:   zaba_magenta_temple

Skill      XL: |  1  2  3  4  5  6  7  8  9 10 |
---------------+-------------------------------+-----
Evocations     | 4 5 6 |  6.6
Dodging        | 3 4 5 |  5.3
Stealth        | 2 3 4 5 6 |  6.3
Unarmed Combat | 1 2 3 4 5 7 8 |  8.3
Fighting       | 2 3 |  3.6
Conjurations   | 1 |  1.2
Earth Magic    | 2 |  2.7
Spellcasting   | 3 5 |  5.0
Transmutations | 2 4 |  4.4
Summonings     | 1 |  1.7
Invocations    | 1 |  1.0
Poison Magic   | 2 |  2.6
Ranged Weapons | |  0.2
Throwing       | |  0.8
Fire Magic     | |  0.5

Action                     |  1- 3 |  4- 6 |  7- 9 | 10-12 || total
---------------------------+-------+-------+-------+-------++-------
  Melee: Unarmed           |    95 |   102 |   241 |   124 ||   562
         Constrict         |    28 |    31 |    48 |    21 ||   128
         Tentacles         |    18 |    19 |    68 |    26 ||   131
         Punch             |       |     6 |     7 |     8 ||    21
         Kick              |       |       |     2 |    40 ||    42
  Throw: Dart              |       |       |     7 |     1 ||     8
   Cast: Spider Form       |       |       |       |     4 ||     4
  Evoke: Wand              |     1 |    14 |    37 |     1 ||    53
    Use: Scroll            |       |       |    11 |       ||    11
         Potion            |       |       |     6 |       ||     6
   Stab: Sleeping          |     5 |     8 |     6 |     6 ||    25
         Distracted        |       |     1 |       |       ||     1
 Armour: Skin              |     6 |     5 |    16 |     2 ||    29
  Dodge: Dodged            |    49 |    48 |   167 |    92 ||   356
